 Dungeon Crawl Stone Soup version 0.20.0-15-g7f486f2 (webtiles) character file.

60 greprep the Grave Robber (level 3, 0/28 HPs)
             Began as a Deep Dwarf Necromancer on June 29, 2017.
             Slain by a worm (9 damage)
             ... on level 2 of the Dungeon.
             The game lasted 00:05:31 (2940 turns).

greprep the Grave Robber (Deep Dwarf Necromancer)   Turns: 2940, Time: 00:05:31

Health: 0/28       AC:  2    Str: 11    XL:     3   Next: 82%
Magic:  0/6        EV: 13    Int: 16    God:
Gold:   126        SH:  0    Dex: 13    Spells: 2/6 levels left

rFire    . . .     SeeInvis +   h - -3 mace (curse)
rCold    . . .     Gourm    .   (no shield)
rNeg     . . .     Faith    .   a - +0 robe
rPois    .         Spirit   .   (no helmet)
rElec    .         Reflect  .   (no cloak)
rCorr    .         Harm     .   (no gloves)
MR       .....                  (no boots)
Stlth    +.........             (no amulet)
Regen    0.0/turn               d - ring of see invisible
MPRegen  0.1/turn               g - ring of loudness (curse)

@: non-regenerating
A: damage resistance, heal wounds, sense surroundings 1, no regeneration
a: Heal Wounds


You were on level 2 of the Dungeon.
You were not hungry.

You visited 1 branch of the dungeon, and saw 2 of its levels.

You collected 126 gold pieces.

Inventory:

Hand Weapons
 h - a cursed -3 mace (weapon)
Armour
 a - a +0 robe (worn)
Jewellery
 d - a ring of see invisible (left hand)
 g - a cursed ring of loudness (right hand)
Scrolls
 e - a scroll of identify {unknown}
 k - a scroll of teleportation
 l - a scroll of remove curse {unknown}
Potions
 f - a potion of haste {unknown}
 j - a potion of curing {unknown}
Books
 b - a book of Necromancy

   Spells                             Type                      Level
   a - Pain                           Necromancy                   1
   b - Animate Skeleton               Necromancy                   1
   c - Vampiric Draining              Necromancy                   3
   d - Regeneration                   Charms/Necromancy            3
   e - Animate Dead                   Necromancy                   4
   f - Control Undead                 Necromancy                   4
Comestibles
 c - a bread ration
 i - a meat ration


   Skills:
 + Level 2.4 Dodging
 - Level 2.4 Stealth
 + Level 2.3 Spellcasting
 + Level 5.5 Necromancy


You had 2 spell levels left.
You knew the following spells:

 Your Spells              Type           Power        Failure   Level  Hunger
a - Pain                  Necr           ###.         1%          1    #......
b - Vampiric Draining     Necr           ###.......   6%          3    ###....


Dungeon Overview and Level Annotations

Branches:
Dungeon (2/15)

Altars:


Innate Abilities, Weirdness & Mutations

You are resistant to damage.
You can heal yourself by infusing magical energy.
You passively map a small area around you.
You do not regenerate.


Message History

Aiming: Vampiric Draining
Press: ? - help, Shift-Dir - straight line, f/p - worm
Aim: a worm (heavily wounded)
The worm is severely wounded.
You feel life coursing into your body. The worm bites you!
You hit the worm but do no damage.
The worm is severely wounded.
The worm bites you.
You hit the worm but do no damage.
The worm is heavily wounded.
You hit the worm but do no damage.
The worm is heavily wounded.
The worm closely misses you.
You hit the worm.
The worm is heavily wounded.
The worm bites you!
You hit the worm but do no damage.
The worm is heavily wounded.
The worm bites you!
You die...

##### #################### #...#
#.?....w............ #.#.#
#.>...#####.########
######.#.####.##### #.#
#......#....#.# #.#
##.#.#######...# ###.########
........#......#######...w...w..#
...####.#..>...w@...#......####.#
##.# #.#.#########..........##.#
#.# ... ###....(.#.##.. ##.#
##.## #########.........#.. ...#
#..# #.........#######.#.. ##.#
#.###.####....# #.).. .#.#
#............)# #.#.. w#.#
#.w##.#####.#w# #.<.. .#.#
#..##.# ###w# #.##w


You could see a worm.

Vanquished Creatures
  An adder (D:2)
  An ooze (D:1)
  A worm (D:2)
  2 dart slugs
  8 bats
  3 giant cockroaches
  5 goblins
  7 hobgoblins
  2 frilled lizards (D:1)
  3 kobolds
  5 rats
38 creatures vanquished.

Notes
Turn   | Place    | Note
-------+----------+-------------------------------------------
     0 | D:1      | greprep the Deep Dwarf Necromancer began the quest for the Orb.
     0 | D:1      | Reached XP level 1. HP: 15/15 MP: 3/3
   368 | D:1      | Reached XP level 2. HP: 22/22 MP: 2/4
   736 | D:1      | Reached skill level 5 in Necromancy
  1789 | D:1      | Reached XP level 3. HP: 20/28 MP: 1/6
  1794 | D:1      | Learned a level 3 spell: Vampiric Draining
  2940 | D:2      | Slain by a worm

Skill      XL: |  1  2 |
---------------+-------+-----
Spellcasting   | 2 |  2.3
Necromancy     | 5 |  5.5
Dodging        | |  2.4
Stealth        | |  2.4

Action                   || total
-------------------------++-------
Melee: Mace              ||    51
 Cast: Pain              ||    44
       Vampiric Draining ||    20
  Use: Scroll            ||     2
  Eat: Chunk             ||     5
       Bread ration      ||     1
Armor: Robe              ||    22
Dodge: Dodged            ||    59
